 Dungeon Crawl Stone Soup version 0.28-a0-474-g535839065c (webtiles) character file.

Game seed: 17174868155969624174

110 Spaninq the Gusty (level 4, 0/42 HPs)
             Began as an Ogre Air Elementalist on Sept 15, 2021.
             Was an Initiate of Ashenzari.
             Killed by their own static electricity (2 damage)
             ... on level 4 of the Dungeon.
             The game lasted 00:09:53 (2799 turns).

Spaninq the Gusty (Ogre Air Elementalist)           Turns: 2799, Time: 00:09:53

Health: 0/42       AC:  3    Str: 12    XL:     4   Next: 91%
Magic:  0/8        EV:  9    Int: 17    God:    Ashenzari [......]
Gold:   135        SH:  0    Dex:  9    Spells: 6/9 levels left

rFire   . . .      SeeInvis .   c - +0 whip
rCold   . . .      Faith    .   (no shield)
rNeg    . . .      Spirit   .   a - +0 robe
rPois   .          Reflect  .   (helmet restricted)
rElec   .          Harm     .   (no cloak)
rCorr   .          Rampage  .   (gloves unavailable)
Will    .....                   (boots unavailable)
Stlth   +.........              (no amulet)
HPRegen 0.14/turn               (no ring)
MPRegen 0.11/turn               (no ring)

@: no status effects
A: large, unfitting armour, tough skin 1
a: Renounce Religion


You were on level 4 of the Dungeon.
You worshipped Ashenzari.
Ashenzari was noncommittal.
You visited 1 branch of the dungeon, and saw 4 of its levels.

You collected 135 gold pieces.

Inventory:

Hand Weapons
 c - a +0 whip (weapon)
Armour
 a - a +0 robe (worn)
Jewellery
 b - a ring of ice
Scrolls
 d - 3 scrolls of blinking
 e - a scroll of fear
 g - 2 scrolls of teleportation
 k - 2 scrolls of enchant weapon
 m - a scroll of magic mapping
Potions
 f - a potion of haste
 h - a potion of cancellation
 i - 2 potions of attraction
 j - 2 potions of lignification
 l - a potion of might
 n - a potion of ambrosia


   Skills:
 + Level 1.9 Fighting
 - Level 1.7 Dodging
 - Level 1.4 Stealth
 + Level 3.2 Spellcasting
 * Level 2.4 Conjurations
 * Level 3.5 Air Magic


You had 6 spell levels left.
You knew the following spells:

 Your Spells              Type           Power      Damage    Failure   Level
a - Shock                 Conj/Air       48%        1d6       4%          1
b - Static Discharge      Conj/Air       12%        N/A       8%          2

Your spell library contained the following spells:

 Spells                   Type           Power      Damage    Failure   Level
 Swiftness                Air            14%        N/A       12%         3
 Apportation              Tloc           4%         N/A       17%         1
 Airstrike                Air            7%         N/A       36%         4
 Alistair's Intoxication  Tmut/Pois      1%         N/A       99%         5
 Invisibility             Hex            1%         N/A       100%        6


Dungeon Overview and Level Annotations

Branches:
Dungeon (4/15)
 Temple: D:4-7

Altars:
Ashenzari
Kikubaaqudgha


Innate Abilities, Weirdness & Mutations

You are too large for most types of armour.
You have tough skin. (AC +1)


Message History

You are struck by an arc of lightning.
The lightning grounds out.
The phantom is struck by an arc of lightning!
The phantom is almost destroyed.
You are struck by an arc of lightning.
* * * LOW HITPOINT WARNING * * *
The lightning grounds out.
The phantom hits you but does no damage.
The phantom hits you but does no damage.
Found a book of Party Tricks.
You see here a book of Party Tricks.
You pick up a book of Party Tricks and begin reading...
You add the spells Apportation, Alistair's Intoxication and Invisibility to your library.
The phantom closely misses you. The phantom hits you.
* * * LOW HITPOINT WARNING * * *
The phantom blinks!
You blink.
The phantom hits you.
* * * LOW HITPOINT WARNING * * *
The phantom blinks!
You blink.
There is a stone staircase leading up, spattered with blood here.
Casting: Static Discharge (safe; 8% risk of failure)
Confirm with . or Enter, or press ? or * to list all spells.
The phantom is struck by an arc of lightning.
The phantom is almost destroyed.
You are struck by an arc of lightning.
* * * LOW HITPOINT WARNING * * *
The phantom is struck by an arc of lightning.
The phantom is almost destroyed.
The lightning grounds out.
The phantom hits you.
* * * LOW HITPOINT WARNING * * *
The phantom blinks!
You blink.
The phantom hits you.
* * * LOW HITPOINT WARNING * * *
The phantom blinks!
You blink.
Casting: Static Discharge (safe; 8% risk of failure)
Confirm with . or Enter, or press ? or * to list all spells.
The phantom is struck by an arc of lightning!
You destroy the phantom!
You are struck by an arc of lightning.
You die...

###........#
#........#
#.....ยง..#
#........#
#....$...###
#.<...?....#
#........#.##
#........#..#
########..@.#
######


There were no monsters in sight!

Vanquished Creatures
  A phantom (D:4)
  Robin (D:2)
  A gnoll (D:1)
  2 adders (D:2)
  A dart slug (D:2)
  7 endoplasms
  A giant cockroach (D:1)
  17 goblins
  8 hobgoblins
  2 quokkas
  5 ball pythons
  3 bats
  3 frilled lizards
  8 kobolds
  3 rats
63 creatures vanquished.

Notes
Turn   | Place    | Note
-------+----------+-------------------------------------------
     0 | D:1      | Spaninq the Ogre Air Elementalist began the quest for the
                  | Orb.
     0 | D:1      | Reached XP level 1. HP: 16/16 MP: 3/3
     3 | D:1      | Noticed an electric eel
     4 | D:1      | Noticed an electric eel
    29 | D:1      | Reached skill level 1 in Conjurations
   254 | D:1      | Reached XP level 2. HP: 24/24 MP: 3/5
   257 | D:1      | Learned a level 2 spell: Static Discharge
   844 | D:1      | Reached XP level 3. HP: 32/32 MP: 2/7
   987 | D:1      | Reached skill level 1 in Fighting
  1177 | D:2      | Found a faded altar of an unknown god.
  1360 | D:2      | Noticed Robin
  1402 | D:2      | Killed Robin
  1403 | D:2      | Reached XP level 4. HP: 32/41 MP: 3/8
  2341 | D:3      | Found an ancient bone altar of Kikubaaqudgha.
  2420 | D:3      | Found a broken altar of Ashenzari.
  2472 | D:3      | Became a worshipper of Ashenzari the Shackled
  2725 | D:4      | Noticed a phantom
  2798 | D:4      | HP: 2/42 [phantom (4)]
  2799 | D:4      | Killed a phantom
  2799 | D:4      | Killed from afar by themself

Illustrated notes

Levels and vault maps discovered:
D:1:      arrival_aquarium_b, layout_basic, lemuel_old_faithful
D:2:      layout_basic, basic_ecumenical_altar, minmay_pentomino_p2, uniq_robin
D:3:      layout_loops_ring, evilmike_ruin_ashenzari,
          nicolae_kikubaaqudgha_miasma_corner, serial_glass, glass_columns_a,
          glass_columns_a, item_on_display_a, item_on_display_a
D:4:      layout_rooms, lemuel_round_altar, minitemple

Skill      XL: |  1  2  3 |
---------------+----------+-----
Conjurations   | 1 2 |  2.4
Air Magic      | 3 |  3.5
Fighting       | 1 |  1.9
Spellcasting   | 3 |  3.2
Dodging        | |  1.7
Stealth        | |  1.4

Action                   |  1- 3 |  4- 6 || total
-------------------------+-------+-------++-------
Melee: Whip              |     5 |       ||     5
 Cast: Shock             |    52 |    38 ||    90
       Static Discharge  |     2 |    14 ||    16
Armor: Robe              |     6 |    13 ||    19
Dodge: Dodged            |    12 |     6 ||    18

Table legend: (Time is in decaauts)
 A = Elapsed time spent in this place.
 B = Non-inter-level travel time spent in this place.
 C = Inter-level travel time spent in this place.
 D = Time resting spent in this place.
 E = Time spent auto-exploring this place.
 F = Levels seen in this place.
 G = Mean time per level.
                   A        B        C        D        E       F      G
               +--------+--------+--------+--------+--------+-----+--------+
         Total |   2798 |   2732 |     66 |    379 |   1803 |   4 |  699.5 |
       Dungeon |   2798 |   2732 |     66 |    379 |   1803 |   4 |  699.5 |
               +--------+--------+--------+--------+--------+-----+--------+

Top non-repeatable levels by time:
     D:1: 1039 daAuts
     D:2: 864 daAuts
     D:3: 820 daAuts
     D:4: 73 daAuts
